 Dungeon Crawl Stone Soup version 0.28.0-47-ge53b351184 (webtiles) character file.

Game seed: 2741077853073897826

3049 Bruhh the Cleaver (level 9, 0/86 HPs)
             Began as a Hill Orc Fighter on Apr 30, 2022.
             Shot with an arrow by a centaur (11 damage)
             ... on level 8 of the Dungeon.
             The game lasted 00:14:00 (9998 turns).

Bruhh the Cleaver (Hill Orc Fighter)                Turns: 9998, Time: 00:14:01

Health: 0/86       AC:  7    Str: 23    XL:     9   Next: 87%
Magic:  9/9        EV:  9    Int:  8    God:
Gold:   424        SH:  4    Dex: 10    Spells: 8/8 levels left

rFire   . . .      SeeInvis .   a - +0 war axe
rCold   . . .      Faith    .   c - +0 buckler
rNeg    + . .      Spirit   .   b - +0 scale mail
rPois   .          Reflect  .   (no helmet)
rElec   .          Harm     .   (no cloak)
rCorr   .          Rampage  .   (no gloves)
Will    +....                   (no boots)
Stlth   ..........              (no amulet)
HPRegen 0.24/turn               h - ring of positive energy
MPRegen 0.11/turn               B - ring of willpower

@: no status effects
A: no striking features
a: no special abilities


You were on level 8 of the Dungeon.
You visited 1 branch of the dungeon, and saw 8 of its levels.

You collected 424 gold pieces.

Inventory:

Hand Weapons
 a - a +0 war axe (weapon)
Missiles
 g - 19 poisoned darts (quivered)
Armour
 b - a +0 scale mail (worn)
 c - a +0 buckler (worn)
Jewellery
 h - a ring of positive energy (left hand)
 i - an amulet of magic regeneration
 p - a ring of protection from fire
 q - a ring of poison resistance
 B - a ring of willpower (right hand)
Scrolls
 d - 3 scrolls of teleportation
 e - 2 scrolls of vulnerability {unknown}
 f - 7 scrolls of identify {unknown}
 j - 4 scrolls of noise
 k - a scroll of fog {unknown}
 l - 3 scrolls of holy word {unknown}
 m - a scroll of silence {unknown}
 n - 2 scrolls of enchant armour {unknown}
 r - a scroll of torment {unknown}
 s - 2 scrolls of blinking {unknown}
 v - a scroll of immolation {unknown}
 y - a scroll of amnesia {unknown}
 z - a scroll of magic mapping {unknown}
 A - 3 scrolls of acquirement {unknown}
 C - a scroll of fear {unknown}
Potions
 o - a potion of brilliance {unknown}
 t - a potion of attraction {unknown}
 u - a potion of resistance {unknown}
 w - a potion of magic {unknown}
 x - a potion of invisibility {unknown}


   Skills:
 * Level 10.4 Fighting
 - Level 12.0 Axes
 + Level 7.1 Armour
 - Level 3.2 Shields


You had 8 spell levels left.
You didn't know any spells.
Your spell library contained the following spells:

 Spells                   Type           Power      Damage    Failure   Level
 Apportation              Tloc           0%         N/A       78%         1
 Magic Dart               Conj           0%         1d3       78%         1
 Searing Ray              Conj           0%         2d4       89%         2
 Gell's Gravitas          Tloc           0%         N/A       98%         3
 Teleport Other           Tloc           0%         N/A       98%         3
 Airstrike                Air            0%         N/A       100%        4
 Fulminant Prism          Conj/Hex       0%         3d6       100%        4
 Summon Lightning Spire   Summ/Air       0%         N/A       100%        4
 Alistair's Intoxication  Tmut/Pois      0%         N/A       100%        5
 Lightning Bolt           Conj/Air       0%         1d11      100%        5
 Dispersal                Tloc           0%         N/A       100%        6


Dungeon Overview and Level Annotations

Branches:
Dungeon (8/15)             Temple (0/1) D:6
   Lair: D:8-11

Altars:
Cheibriados
Qazlal
Wu Jian
Xom
Zin

Shops:
D:6 (:

Annotations:
D:8 1 runed translucent door, 101zpm's ghost, novice DjIE


Message History

The centaur shoots an arrow.
The arrow barely misses you.
You hear a shout!
You hit the yak but do no damage. The yak gores you.
You barely miss the yak. The yak closely misses you.
You slash the yak!
The yak is moderately wounded.
The yak gores you!
You closely miss the yak.
The yak is moderately wounded.
The yak gores you.
You slash the yak!
The yak is heavily wounded.
The yak gores you but does no damage.
The orc priest mumbles some strange prayers to Beogh against you.
Beogh smites you!
Unknown command.
There is an open door here.
You block the yak's attack.
The orc priest calls down the wrath of Beogh upon you.
Beogh smites you! The centaur zombie closely misses you.
The centaur zombie kicks you but does no damage.
The yak gores you!
The centaur zombie hits you but does no damage.
You block the centaur zombie's attack. The centaur zombie hits you.
The centaur zombie kicks you but does no damage.
The centaur zombie hits you but does no damage.
You block the centaur zombie's attack.
Found a stone staircase leading down.
The centaur shoots an arrow.
The arrow hits you but does no damage.
You see here 6 stones.
The centaur shoots an arrow.
The arrow hits you.
* * * LOW HITPOINT WARNING * * *
The centaur shoots an arrow.
The arrow hits you!
* * * LOW HITPOINT WARNING * * *
There is a stone staircase leading up, spattered with blood here.
The centaur shoots an arrow.
You block the arrow.
The centaur shoots an arrow.
The arrow hits you!
You die...

## #......# #c# #......#
#......... ####..##
#..$...$.. ##.##
#......... #..#
#........#
###########.###........#
.........##F.##........#
.............Y#........#
..........##YZ#.@#...###
..........##.c#.........
..........##.Y#(........
..........##..#c........
.........####.FY........
.........# #...........
.......).# ##..........
###.....## #..########
#.....# #..#


You could see a yak, a bullfrog and a centaur.

Vanquished Creatures
  3 yaks
  An acid dragon (D:7)
  Duvessa (D:6)
  A black bear (D:6)
  2 sky beasts (D:6)
  4 ice beasts
  2 necrophages
  3 ogres (D:5)
  3 centaurs
  2 bullfrogs
  A water moccasin skeleton (D:6)
  Dowan (D:6)
  4 killer bees (D:8)
  A centaur zombie (D:6)
  A centaur skeleton (D:4)
  2 hounds
  A bullfrog skeleton (D:7)
  A gnoll shaman (D:5)
  4 iguanas
  4 orc wizards
  A killer bee zombie (D:8)
  A hound skeleton (D:4)
  Robin (D:2)
  7 gnolls (D:5)
  9 adders
  A shadow imp (D:6)
  An ufetubus (D:4)
  An adder skeleton (D:5)
  2 worms
  2 dart slugs
  15 orcs
  6 endoplasms
  A giant cockroach (D:3)
  13 goblins
  11 hobgoblins
  12 jackals
  3 kobolds
  7 quokkas
  4 ball pythons
  3 bats
  3 frilled lizards
  2 rats
148 creatures vanquished.

Vanquished Creatures (others)
  6 plants (D:8)
6 creatures vanquished.

Grand Total: 154 creatures vanquished

Notes
Turn   | Place    | Note
-------+----------+-------------------------------------------
     0 | D:1      | Bruhh the Hill Orc Fighter began the quest for the Orb.
     0 | D:1      | Reached XP level 1. HP: 19/19 MP: 1/1
    31 | D:1      | Reached skill level 3 in Axes
    82 | D:1      | Reached XP level 2. HP: 26/26 MP: 2/2
   174 | D:1      | Reached skill level 4 in Axes
   466 | D:1      | Reached XP level 3. HP: 21/31 MP: 3/3
  1265 | D:2      | Reached skill level 5 in Axes
  1353 | D:2      | Found an ornate altar of the Wu Jian Council.
  1579 | D:2      | Reached XP level 4. HP: 10/39 MP: 4/4
  1766 | D:2      | Noticed Robin
  1797 | D:2      | Reached skill level 6 in Axes
  1800 | D:2      | Killed Robin
  2015 | D:2      | Found a faded altar of an unknown god.
  2256 | D:3      | Noticed a necrophage
  2265 | D:3      | Killed a necrophage
  2266 | D:3      | Reached skill level 7 in Axes
  2266 | D:3      | Reached XP level 5. HP: 36/45 MP: 5/5
  2610 | D:3      | Found a faded altar of an unknown god.
  2610 | D:3      | Found a shimmering altar of Xom.
  2659 | D:3      | Found a faded altar of an unknown god.
  2661 | D:3      | Found a glowing silver altar of Zin.
  2663 | D:3      | Found a snail-covered altar of Cheibriados.
  2834 | D:4      | Reached skill level 8 in Axes
  2834 | D:4      | Reached XP level 6. HP: 51/51 MP: 6/6
  3658 | D:5      | Entered Level 5 of the Dungeon
  3665 | D:5      | Reached skill level 9 in Axes
  3755 | D:5      | Reached XP level 7. HP: 19/57 MP: 7/7
  4034 | D:5      | Reached skill level 10 in Axes
  4518 | D:5      | HP: 2/57 [ogre/+0 giant spiked club (17)]
  4522 | D:5      | Found a stormy altar of Qazlal.
  4884 | D:5      | Reached skill level 11 in Axes
  5115 | D:5      | Reached XP level 8. HP: 64/64 MP: 8/8
  5442 | D:5      | Reached skill level 12 in Axes
  6101 | D:6      | Reached skill level 5 in Fighting
  6222 | D:6      | Found Teryngim's Book Shoppe.
  6292 | D:6      | Found Efruj's Antique Weapon Shop.
  6431 | D:6      | Noticed Dowan
  6431 | D:6      | Noticed Duvessa
  6440 | D:6      | Killed Duvessa
  6449 | D:6      | Killed Dowan
  6653 | D:6      | Reached skill level 5 in Armour
  6785 | D:6      | Found a staircase to the Ecumenical Temple.
  7177 | D:6      | Reached XP level 9. HP: 69/79 MP: 9/9
  8809 | D:7      | HP: 1/83 [yak (5)]
  9196 | D:8      | Found a runed translucent door.
  9200 | D:8      | Noticed 101zpm's ghost (novice DjIE)
  9201 | D:8      | Identified the +4 spear of Exquisite Torment {elec, Contam
                  | rPois Dex+7}
  9953 | D:8      | Reached skill level 10 in Fighting
  9998 | D:8      | Shot with an arrow by a centaur

Illustrated notes

Levels and vault maps discovered:
D:1:      dpeg_arrival_rooms_c, layout_loops_ring
D:2:      layout_basic, chequers_ecumenical_altar_island, basic_altar,
          uniq_robin
D:3:      layout_rooms, chequers_temple_overflow_minitemple
D:4:      layout_rooms
D:5:      layout_gridville, nicolae_qazlal_scattered_showers
D:6:      layout_basic, minmay_temple_entry_antechambers, serial_shops,
          nicolae_square_shop, shop, minmay_microvault, uniq_duvessa
D:7:      layout_basic
D:8:      layout_basic, ebering_ghost_funeral_grove

Skill      XL: |  1  2  3  4  5  6  7  8  9 |
---------------+----------------------------+-----
Axes           | 3 4 5 7 8 9 11 12 | 12.0
Fighting       | 7 10 | 10.4
Armour         | 5 7 |  7.1
Shields        | |  3.2

Action                   |  1- 3 |  4- 6 |  7- 9 || total
-------------------------+-------+-------+-------++-------
Melee: War axe           |   111 |   128 |   310 ||   549
Evoke: Wand              |       |       |    15 ||    15
  Use: Potion            |     1 |     2 |     4 ||     7
       Scroll            |       |       |     3 ||     3
Armor: Scale mail        |    62 |    50 |   110 ||   222
       Skin              |       |       |    22 ||    22
Dodge: Dodged            |    51 |    53 |   110 ||   214
Block: Buckler           |    28 |    25 |    75 ||   128
